[Event "41st Amateur D7"]
[Site "ChessGUI4"]
[Date "2013.07.10"]
[Round "27.5"]
[White "Tigran 2.3 64-bit"]
[Black "FireFly 2.6.0 64-bit"]
[Result "1-0"]
[BlackElo "2258"]
[ECO "A16"]
[EventDate "2013.??.??"]
[TimeControl "40/1500:40/1500:40/1500"]
[WhiteElo "2289"]

{ i5 Quad } 1.Nf3 Nf6 2.c4 g6 3.Nc3 d5 4.cxd5 Nxd5 5.Qa4+ Bd7 6.Qh4 Nxc3 7.dxc3 Nc6 8.e4 e5 9.Qg3 Bg7 { [%eval -9,12] [%emt 0:00:57] (Bg7) } 10.Bc4
{ [%eval 37,12] [%emt 0:00:42] (Bc4) } 10...Qe7
{ [%eval -1,11] [%emt 0:00:56] (Qe7) } 11.O-O
{ [%eval 32,12] [%emt 0:00:43] (O-O) } 11...Na5 12.Be2
{ [%eval 60,13] [%emt 0:00:33] (Bd3) } 12...O-O-O
{ [%eval -34,11] [%emt 0:00:55] (Nc6) } 13.Rd1
{ [%eval 54,13] [%emt 0:00:43] (b4) } 13...Kb8
{ [%eval -20,11] [%emt 0:00:54] (Kb8) } 14.b4
{ [%eval 57,13] [%emt 0:00:43] (Rd5) } 14...Nc6
{ [%eval -26,12] [%emt 0:00:53] (Nc6) } 15.Be3
{ [%eval 54,12] [%emt 0:00:35] (Be3) } 15...f6
{ [%eval -6,11] [%emt 0:00:52] (f6) } 16.Bc5
{ [%eval 49,12] [%emt 0:00:44] (Bc5) } 16...Qf7
{ [%eval -15,11] [%emt 0:00:52] (Qf7) } 17.b5
{ [%eval 36,12] [%emt 0:00:45] (b5) } 17...Ne7
{ [%eval -18,11] [%emt 0: 00:51] (Na5) } 18.a4
{ [%eval 70,12] [%emt 0:00:41] (c4) } 18...Nc8
{ [%eval -22,11] [%emt 0:00:50] (Be6) } 19.a5
{ [%eval 45,12] [%emt 0:00:39] (a5) } 19...Bh6
{ [%eval -4,11] [%emt 0:00:49] (Be6) } 20.Ne1
{ [%eval 56,11] [%emt 0:00:45] (Ne1) } 20...Bf4
{ [%eval -23,12] [%emt 0:00:48] (Qb3) } 21.Qf3
{ [%eval 47,13] [%emt 0:00:45] (Qd3) } 21...h5
{ [%eval -4,11] [%emt 0:00:47] (h5) } 22.h3
{ [%eval 16,12] [%emt 0:00: 45] (Qd3) } 22...b6
{ [%eval 14,11] [%emt 0:00:46] (g5) } 23.axb6
{ [%eval 105,13] [%emt 0:00:45] (Bb4) } 23...cxb6
{ [%eval -51,12] [%emt 0:00:38] (axb6) } 24.Be3
{ [%eval 114,14] [%emt 0:00:45] (Be3) } 24...Bxe3
{ [%eval -50,12] [%emt 0:00:37] (Bxe3) } 25.Qxe3
{ [%eval 110,14] [%emt 0:00:46] (Qxe3) } 25...Be6
{ [%eval -62,11] [%emt 0: 00:37] (Qe7) } 26.Nd3
{ [%eval 116,13] [%emt 0:00:46] (Nd3) } 26...Bc4
{ [%eval -100, 11] [%emt 0:00:36] (Bb3) } 27.Nb4
{ [%eval 126,13] [%emt 0:00:46] (Nb4) } 27...Ne7
{ [%eval -110,12] [%emt 0:00:36] (Ne7) } 28.Rd2
{ [%eval 130,13] [%emt 0:00:47] (Bxc4) } 28...Bxe2
{ [%eval -110,12] [%emt 0:00:36] (Bxe2) } 29.Qxe2
{ [%eval 151,14] [%emt 0:00:47] (Qxe2) } 29...Qe6
{ [%eval -115,12] [%emt 0:00:35] (Qb3) } 30.Rad1
{ [%eval 161,13] [%emt 0:00:47] (Rd5) } 30...Kc8
{ [%eval -130,13] [%emt 0:00:35] (Qc8) } 31.Rd3
{ [%eval 152,14] [%emt 0:00:48] (Nc6) } 31...Rhe8
{ [%eval -140,12] [%emt 0:00: 34] (Rhf8) } 32.Qd2
{ [%eval 203,15] [%emt 0:00:40] (Na6) } 32...Rxd3
{ [%eval -168,13] [%emt 0:00:34] (Rxd3) } 33.Qxd3
{ [%eval 205,15] [%emt 0:00:50] (Qxd3) } 33...f5
{ [%eval -163,13] [%emt 0:00:26] (g5) } 34.c4
{ [%eval 233,13] [%emt 0:00:51] (exf5) } 34...h4
{ [%eval -242,12] [%emt 0:00:26] (Rh8) } 35.Na6
{ [%eval 367,15] [%emt 0:00:44] (Qa3) } 35...Nc6
{ [%eval -418,12] [%emt 0:00:26] (Nc6) } 36.bxc6
{ [%eval 365,16] [%emt 0:00:54] (bxc6) } 36...Qxc6
{ [%eval -446,13] [%emt 0:00:26] (Qxc6) } 37.Nb4
{ [%eval 436,16] [%emt 0:00:50] (exf5) } 37...fxe4
{ [%eval -462,13] [%emt 0:00:26] (fxe4) } 38.Qc2
{ [%eval 446,15] [%emt 0:00:58] (Qc2) } 38...Qb7
{ [%eval -534,13] [%emt 0:00:26] (Qb7) } 39.c5
{ [%eval 954,15] [%emt 0:01:01] (Rd5) } 39...b5
{ [%eval -898,13] [%emt 0:01:25] (b5) } 40.Qa2 e3
{ [%eval -1392,13] [%emt 0:00:34] (e3) } 41.c6
{ [%eval 1194,14] [%emt 0:00:34] (c6) } 41...Qc7
{ [%eval -1600,14] [%emt 0:00:36] (Qc7) } 42.Qa6+
{ [%eval 1933,14] [%emt 0:00:34] (Qa6) } 1-0

[Event "41st Amateur D7"]
[Site "ChessGUI4"]
[Date "2013.07.10"]
[Round "28.1"]
[White "Carballo 0.8"]
[Black "Waxman 2011"]
[Result "1-0"]
[BlackElo "2256"]
[ECO "B20"]
[EventDate "2013.??.??"]
[TimeControl "40/1500:40/1500:40/1500"]
[WhiteElo "2273"]

{ i5 Quad } 1.e4 c5 2.Ne2 Nf6 3.Nbc3 e6 4.g3 Nc6 5.Bg2 Be7 6.O-O d6 7.d3 a6 8.a3 Qc7 9.Rb1 O-O { [%eval -16,12] [%emt 0:00:28] (O-O) } 10.b4
{ [%eval 5,13] [%emt 0:00:36] (Be3) } 10...cxb4
{ [%eval -2,12] [%emt 0: 00:38] (b5) } 11.axb4
{ [%eval 20,13] [%emt 0:00:35] (axb4) } 11...b5
{ [%eval 7,12] [%emt 0:00:43] (b5) } 12.Be3
{ [%eval 17,13] [%emt 0:00:34] (Be3) } 12...Rd8
{ [%eval 8,12] [%emt 0:00:44] (Bb7) } 13.Qc1
{ [%eval 21,12] [%emt 0:00:33] (d4) } 13...d5
{ [%eval 18,12] [%emt 0:00:42] (Bb7) } 14.Bc5
{ [%eval 10,12] [%emt 0:00:32] (Bf4) } 14...Bxc5
{ [%eval 61,11] [%emt 0:00:14] (Bxc5) } 15.bxc5
{ [%eval 15,12] [%emt 0: 00:32] (bxc5) } 15...Qa5
{ [%eval 19,12] [%emt 0:00:58] (Ra7) } 16.exd5
{ [%eval 45,13] [%emt 0:00:31] (exd5) } 16...exd5
{ [%eval 42,13] [%emt 0:01:16] (exd5) } 17.Qe3
{ [%eval 34,14] [%emt 0:00:30] (Nd1) } 17...Be6
{ [%eval 39,12] [%emt 0:00:45] (Be6) } 18.Nd4
{ [%eval 34,12] [%emt 0:00:29] (Ra1) } 18...Qxc3
{ [%eval 29,12] [%emt 0:00:34] (Qxc3) } 19.Nxc6
{ [%eval 18,14] [%emt 0:00:29] (Nxc6) } 19...Re8
{ [%eval 53,13] [%emt 0:01:02] (Re8) } 20.Qd4
{ [%eval 44,13] [%emt 0:00:28] (Qd4) } 20...Qxc2
{ [%eval 32,12] [%emt 0:00:33] (Qxc2) } 21.Nb4
{ [%eval 41,13] [%emt 0:00:27] (Ne5) } 21...Qe2
{ [%eval 28,12] [%emt 0:00:40] (Qe2) } 22.Rbe1
{ [%eval 39,11] [%emt 0:00:26] (Rfe1) } 22...Qd2
{ [%eval 41,12] [%emt 0:00:38] (Qd2) } 23.c6
{ [%eval 26,13] [%emt 0:00:26] (Re5) } 23...a5
{ [%eval 63,13] [%emt 0:00:31] (a5) } 24.Nxd5
{ [%eval 29,15] [%emt 0:00:25] (Nxd5) } 24...Nxd5
{ [%eval 32,12] [%emt 0:00:14] (Bxd5) } 25.Bxd5
{ [%eval 94,11] [%emt 0:00:24] (Bxd5) } 25...Bh3
{ [%eval -60,12] [%emt 0:00:38] (Red8) } 26.Rxe8+
{ [%eval 100,13] [%emt 0:00:24] (Rxe8) } 26...Rxe8
{ [%eval 39,3] [%emt 0:00:00] (Rxe8) } 27.Bg2
{ [%eval 97,13] [%emt 0:00:23] (Bg2) } 27...Bxg2
{ [%eval -113,14] [%emt 0:00:50] (Bc8) } 28.Kxg2
{ [%eval 151,11] [%emt 0:00:23] (Kxg2) } 28...Qg5
{ [%eval -138,14] [%emt 0:00:40] (b4) } 29.Qd7
{ [%eval 155,13] [%emt 0:00:22] (c7) } 29...Qe7
{ [%eval -159,14] [%emt 0:00:42] (Qe7) } 30.Rc1
{ [%eval 212,14] [%emt 0:00:21] (Rc1) } 30...Kf8
{ [%eval -152,14] [%emt 0:00:44] (Qe6) } 31.Qf5
{ [%eval 225,13] [%emt 0:00:21] (Qf5) } 31...Qc7
{ [%eval -208,14] [%emt 0:01: 29] (g6) } 32.Qxb5
{ [%eval 262,12] [%emt 0:00:20] (Qxb5) } 32...Rc8
{ [%eval -250,12] [%emt 0:00:42] (h6) } 33.d4
{ [%eval 293,12] [%emt 0:00:20] (d4) } 33...Qd6
{ [%eval -260,13] [%emt 0:00:46] (Rb8) } 34.c7
{ [%eval 349,12] [%emt 0:00:19] (Rc4) } 34...g6
{ [%eval -355,14] [%emt 0:02:45] (a4) } 35.d5
{ [%eval 373,13] [%emt 0:00:19] (Qxa5) } 35...h5
{ [%eval -371,13] [%emt 0:00:41] (h5) } 36.Qb7
{ [%eval 428,15] [%emt 0:00:18] (Qb7) } 36...Qd7
{ [%eval -545,16] [%emt 0:00:47] (Qd7) } 37.d6
{ [%eval 485, 15] [%emt 0:00:18] (d6) } 1-0

[Event "41st Amateur D7"]
[Site "ChessGUI4"]
[Date "2013.07.10"]
[Round "28.2"]
[White "ProChess 1.02AD"]
[Black "Gibbon 2.57a 64-bit"]
[Result "1/2-1/2"]
[BlackElo "2251"]
[ECO "C85"]
[EventDate "2013.??.??"]
[TimeControl "40/1500:40/1500:40/1500"]
[WhiteElo "2244"]

{ i5 Quad } 1.e4 e5 2.Nf3 Nc6 3.Bb5 a6 4.Ba4 Nf6 5.O-O Be7 6.Bxc6 dxc6 7.Qe2 c5 8.d3 Nd7 9.Be3 Bd6
{ [%eval -44,14] [%emt 0:01:13] (O-O) } 10.Nbd2
{ [%eval 11,12] [%emt 0:00:49] (Nbd2) } 10...O-O
{ [%eval -36,14] [%emt 0:00:48] (Nf6) } 11.Nc4
{ [%eval 12,12] [%emt 0:01:30] (Rfe1) } 11...b5
{ [%eval -28,14] [%emt 0:00:39] (Qe7) } 12.Nxd6
{ [%eval 13,12] [%emt 0:00:41] (Na5) } 12...cxd6
{ [%eval -10,12] [%emt 0:00:10] (cxd6) } 13.Rfe1
{ [%eval 15,11] [%emt 0:00:49] (Rfb1) } 13...Nf6
{ [%eval -14,13] [%emt 0:00:22] (Qe7) } 14.a3
{ [%eval 12,11] [%emt 0:01:16] (a3) } 14...Bg4
{ [%eval -12,13] [%emt 0:00:24] (Be6) } 15.h3
{ [%eval 11,12] [%emt 0:00:58] (h3) } 15...Bh5
{ [%eval -9,14] [%emt 0:00:50] (Bd7) } 16.g4
{ [%eval 22,14] [%emt 0:02:14] (Bg5) } 16...Bg6
{ [%eval 7,13] [%emt 0: 00:22] (Bg6) } 17.Nh4
{ [%eval 22,12] [%emt 0:01:45] (b4) } 17...Nd7
{ [%eval 10,13] [%emt 0:00:50] (Nd7) } 18.g5
{ [%eval 20,12] [%emt 0:00:48] (Nf5) } 18...Qc7
{ [%eval 22,12] [%emt 0:00:35] (Qc7) } 19.Nxg6
{ [%eval 21,11] [%emt 0:00:26] (Qg4) } 19...fxg6
{ [%eval 29,12] [%emt 0:00:06] (hxg6) } 20.Rad1
{ [%eval 22,11] [%emt 0:00:33] (b4) } 20...Kh8
{ [%eval 45,13] [%emt 0:00:25] (Qc6) } 21.Qd2
{ [%eval 25,12] [%emt 0: 01:06] (Kg2) } 21...Qc6
{ [%eval 48,12] [%emt 0:00:18] (Qc6) } 22.c4
{ [%eval 23,12] [%emt 0:00:30] (h4) } 22...a5
{ [%eval 63,12] [%emt 0:00:38] (Kg8) } 23.cxb5
{ [%eval 25,12] [%emt 0:00:20] (Kg2) } 23...Qxb5
{ [%eval 81,14] [%emt 0:00:18] (Qxb5) } 24.Qc3
{ [%eval 23,12] [%emt 0:00:38] (Qc2) } 24...a4
{ [%eval 72,13] [%emt 0:00:21] (a4) } 25.Qc4
{ [%eval 23,11] [%emt 0:00:19] (Rb1) } 25...Rab8
{ [%eval 69,14] [%emt 0:00:25] (Qb3) } 26.Qe6
{ [%eval 22,13] [%emt 0:01:12] (Rb1) } 26...Qc6
{ [%eval 67,14] [%emt 0: 00:32] (Qc6) } 27.Rd2
{ [%eval 17,12] [%emt 0:00:18] (Kg2) } 27...Rb3
{ [%eval 61,13] [%emt 0:00:14] (Nb6) } 28.Rc1
{ [%eval 22,10] [%emt 0:00:12] (Kg2) } 28...Rfb8
{ [%eval 45,12] [%emt 0:00:16] (Rbb8) } 29.f4
{ [%eval 19,10] [%emt 0:00:16] (Rc3) } 29...Nf8
{ [%eval 73,10] [%emt 0:00:15] (Nf8) } 30.Qg4
{ [%eval 2,11] [%emt 0:00:13] (Qf7) } 30...exf4
{ [%eval 87,13] [%emt 0:00:20] (Nd7) } 31.Qxf4
{ [%eval 10,11] [%emt 0:00:16] (Qxf4) } 31...Ne6
{ [%eval 82,14] [%emt 0:01:01] (Kg8) } 32.Qh2
{ [%eval -5, 11] [%emt 0:00:25] (Qg4) } 32...Rf8
{ [%eval 88,10] [%emt 0:00:15] (d5) } 33.Qg2
{ [%eval 7,11] [%emt 0:00:16] (Qg2) } 33...Qd7
{ [%eval 72,12] [%emt 0:00:33] (Qb5) } 34.Qg4
{ [%eval 7,10] [%emt 0:00:15] (Rc3) } 34...Re8
{ [%eval 69,11] [%emt 0:00:17] (d5) } 35.Qf3
{ [%eval 7,10] [%emt 0:00:13] (Kh1) } 35...Reb8
{ [%eval 59,12] [%emt 0:00:26] (Rf8) } 36.Rcc2
{ [%eval 3,11] [%emt 0:00:16] (Qg2) } 36...Qb5
{ [%eval 50,12] [%emt 0: 00:23] (Kg8) } 37.Qf7
{ [%eval 0,11] [%emt 0:00:11] (Qe2) } 37...Rxd3
{ [%eval 69,13] [%emt 0:00:12] (Rxd3) } 38.Qxe6
{ [%eval 5,12] [%emt 0:00:12] (Qxe6) } 38...Rxe3
{ [%eval 69,12] [%emt 0:00:03] (Rxe3) } 39.Qxd6
{ [%eval 3,11] [%emt 0:00:08] (Qxd6) } 39...Rxe4
{ [%eval 62,13] [%emt 0:00:30] (Rxe4) } 40.Rf2
{ [%eval 3,10] [%emt 0:00:10] (Qxc5) } 40...Qe8
{ [%eval 75,13] [%emt 0:00:16] (Re1) } 41.Qxc5
{ [%eval 2, 13] [%emt 0:01:43] (Qxc5) } 41...Rd8
{ [%eval 57,13] [%emt 0:00:38] (Re5) } 42.Kg2
{ [%eval 5,12] [%emt 0:01:08] (Rfd2) } 42...Re5
{ [%eval 56,14] [%emt 0:00:42] (Kg8) } 43.Rf8+
{ [%eval 10,16] [%emt 0:01:41] (Rf8) } 43...Qxf8
{ [%eval 56,11] [%emt 0:00: 00] (Qxf8) } 44.Qxe5
{ [%eval 11,15] [%emt 0:03:28] (Qxe5) } 44...Qf7
{ [%eval 10,15] [%emt 0:00:41] (Qf7) } 45.Qe4
{ [%eval 11,14] [%emt 0:03:45] (Qb5) } 45...Qa7
{ [%eval 14,14] [%emt 0:00:54] (Rf8) } 46.Rf2
{ [%eval 12,12] [%emt 0:00:48] (Rf2) } 46...Rb8
{ [%eval 12,15] [%emt 0:01:03] (Qd7) } 47.h4
{ [%eval 15,12] [%emt 0:01:14] (Kg3) } 47...Qd7
{ [%eval 0,15] [%emt 0:00:45] (Kg8) } 48.Qf4
{ [%eval 15,12] [%emt 0: 00:50] (Kg3) } 48...Qe8
{ [%eval 0,16] [%emt 0:01:30] (Rg8) } 49.Rd2
{ [%eval 15,12] [%emt 0:00:43] (Kg3) } 49...Rc8
{ [%eval 0,15] [%emt 0:01:39] (Qb5) } 50.Qd4
{ [%eval 15,12] [%emt 0:00:23] (Qb4) } 50...Qc6+
{ [%eval 0,16] [%emt 0:01:02] (Qc6) } 51.Qd5
{ [%eval 15,13] [%emt 0:00:26] (Qd5) } 51...Qe8
{ [%eval 0,17] [%emt 0:01:26] (Qe8) } 52.Rf2
{ [%eval 12,12] [%emt 0:00:55] (Qd4) } 52...Rd8
{ [%eval 3,14] [%emt 0:00:36] (Qe3) } 53.Qc4
{ [%eval 12,12] [%emt 0:00:24] (Qf7) } 53...Rb8
{ [%eval 7,15] [%emt 0:00:35] (Qd7) } 54.Rd2
{ [%eval 12,12] [%emt 0:00:43] (Rd2) } 54...Rc8
{ [%eval 5,15] [%emt 0: 00:33] (Qe1) } 55.Re2
{ [%eval 12,13] [%emt 0:01:03] (Qd4) } 55...Qd7
{ [%eval 0,17] [%emt 0:00:43] (Qd7) } 56.Qe6
{ [%eval 12,12] [%emt 0:00:24] (Qe6) } 56...Qb7+
{ [%eval 0,17] [%emt 0:01:18] (Qb7) } 57.Qe4
{ [%eval 12,13] [%emt 0:00:32] (Qe4) } 57...Qd7
{ [%eval 0,16] [%emt 0:00:17] (Qb5) } 58.Kh2
{ [%eval 12,12] [%emt 0:00:24] (Qe6) } 58...Rf8
{ [%eval 34,15] [%emt 0:00:26] (Rf8) } 59.Rc2
{ [%eval 10,12] [%emt 0: 00:30] (Qe6) } 59...Rd8
{ [%eval 34,14] [%emt 0:00:26] (Qd6) } 60.Rf2
{ [%eval 12,12] [%emt 0:00:23] (Kg3) } 60...Rb8
{ [%eval 0,15] [%emt 0:00:36] (Re8) } 61.Qc4
{ [%eval 12,11] [%emt 0:00:17] (Kg2) } 61...Qe8
{ [%eval 0,16] [%emt 0:00:30] (Qe8) } 1/2-1/2

[Event "41st Amateur D7"]
[Site "ChessGUI4"]
[Date "2013.07.10"]
[Round "28.3"]
[White "MadChess 1.2"]
[Black "Butcher 1.64 64-bit"]
[Result "1-0"]
[BlackElo "2355"]
[ECO "E46"]
[EventDate "2013.??.??"]
[TimeControl "40/1500:40/1500:40/1500"]
[WhiteElo "2200"]

{ i5 Quad } 1.d4 Nf6 2.c4 e6 3.Nc3 Bb4 4.e3 O-O 5.Ne2 d5 6.a3 Be7 7.cxd5 exd5 8.g3 Re8 9.Bg2 c6
{ [%eval -38,11] [%emt 0:01:05] (c6) } 10.O-O
{ [%eval 34,11] [%emt 0:00:45] (Qc2) } 10...Bf5
{ [%eval -41,12] [%emt 0:01:00] (Nbd7) } 11.f3
{ [%eval 55,11] [%emt 0:00:35] (h3) } 11...Bd6
{ [%eval -23,12] [%emt 0:00:59] (Nbd7) } 12.Qb3
{ [%eval 11,10] [%emt 0:00:33] (e4) } 12...Qd7
{ [%eval -66,12] [%emt 0:00:59] (Qd7) } 13.g4
{ [%eval 12,10] [%emt 0: 00:38] (Qd1) } 13...Bd3
{ [%eval -71,12] [%emt 0:01:41] (Bd3) } 14.Qd1
{ [%eval 27,11] [%emt 0:00:26] (g5) } 14...Ba6
{ [%eval -22,12] [%emt 0:01:47] (Ba6) } 15.g5
{ [%eval 10,10] [%emt 0:00:17] (g5) } 15...Nh5
{ [%eval -14,12] [%emt 0:00:57] (Nh5) } 16.e4
{ [%eval 31,9] [%emt 0:00:17] (f4) } 16...dxe4
{ [%eval -48,10] [%emt 0:00:56] (c5) } 17.fxe4
{ [%eval 44,11] [%emt 0:00:31] (fxe4) } 17...Qg4
{ [%eval -2,10] [%emt 0:00:55] (c5) } 18.e5
{ [%eval 69,11] [%emt 0:00:48] (e5) } 18...Be7
{ [%eval 10,11] [%emt 0:00: 54] (Bf8) } 19.Qb3
{ [%eval 104,12] [%emt 0:00:51] (Nf4) } 19...Rf8
{ [%eval -18,11] [%emt 0:01:26] (Rf8) } 20.h3
{ [%eval 130,11] [%emt 0:00:16] (e6) } 20...Qc8
{ [%eval -39,10] [%emt 0:00:50] (Qd7) } 21.Rf2
{ [%eval 88,10] [%emt 0:01:10] (Be3) } 21...Bd8
{ [%eval 13,10] [%emt 0:00:43] (g6) } 22.Be3
{ [%eval 171,12] [%emt 0:00:53] (Kh2) } 22...c5
{ [%eval 132,10] [%emt 0:00:42] (c5) } 23.Raf1
{ [%eval 211,11] [%emt 0:00:37] (dxc5) } 23...c4
{ [%eval 301,11] [%emt 0:00:41] (c4) } 24.Qa4
{ [%eval 287, 11] [%emt 0:00:37] (Qc2) } 24...Nc6
{ [%eval 270,11] [%emt 0:00:34] (Nc6) } 25.Bf3
{ [%eval 287,11] [%emt 0:00:28] (Bf3) } 25...Nxe5
{ [%eval 293,11] [%emt 0:00:40] (Bb6) } 26.dxe5
{ [%eval 397,13] [%emt 0:00:52] (dxe5) } 26...Qxh3
{ [%eval 268,11] [%emt 0: 00:39] (Qxh3) } 27.Rh2
{ [%eval 413,12] [%emt 0:00:20] (Rd1) } 27...Qe6
{ [%eval 299, 10] [%emt 0:00:39] (Qe6) } 28.Rxh5
{ [%eval 423,11] [%emt 0:00:18] (Rxh5) } 28...Qxe5
{ [%eval 306,11] [%emt 0:00:38] (Qxe5) } 29.Bf4
{ [%eval 424,11] [%emt 0:00:25] (Bd4) } 29...Qc5+
{ [%eval 321,10] [%emt 0:00:35] (Qa5) } 30.Kh1
{ [%eval 475,11] [%emt 0:00:29] (Kh1) } 30...g6
{ [%eval 374,11] [%emt 0:00:35] (Qb6) } 31.Rh2
{ [%eval 501,13] [%emt 0:01:43] (Rh4) } 31...Qf5
{ [%eval 395,11] [%emt 0:00:36] (Qf5) } 32.Be4
{ [%eval 502,12] [%emt 0:00:39] (Nd5) } 32...Qc5
{ [%eval 401,11] [%emt 0:00: 35] (Qe6) } 33.Bd5
{ [%eval 510,12] [%emt 0:00:55] (Bd5) } 33...Be7
{ [%eval 567,10] [%emt 0:00:29] (Be7) } 34.Qc2
{ [%eval 627,12] [%emt 0:01:27] (Qc2) } 34...Bd6
{ [%eval 606,10] [%emt 0:00:27] (Bd6) } 35.Rd1
{ [%eval 795,12] [%emt 0:00:52] (Bxd6) } 35...Be7
{ [%eval 943,9] [%emt 0:00:26] (Bxf4) } 36.Be5
{ [%eval 1132,11] [%emt 0:00:26] (Be5) } 36...Qb6
{ [%eval 1056,9] [%emt 0:00:08] (Qxd5) } 37.Nf4
{ [%eval 1705,13] [%emt 0:03:38] (Na4) } 37...Bb5
{ [%eval 1,1] [%emt 0:00:00] (Bxg5) } 38.Rxh7 Ba6
{ [%eval 1,1] [%emt 0:00:00] (Qg1) } 39.Rh8# 1-0